 Dungeon Crawl Stone Soup version 0.27-a0-1312-g5cdb2b3542 (webtiles) character file.

Game seed: 16888290354031863263

904 dickylongcocking the Covert (level 8, -4/55 HPs)
             Began as an Octopode Delver on June 21, 2021.
             Was an Initiate of Gozag.
             Slain by Sigmund (8 damage)
             ... on level 5 of the Dungeon.
             The game lasted 00:04:56 (6597 turns).

dickylongcocking the Covert (Octopode Delver)       Turns: 6597, Time: 00:04:57

Health: -4/55      AC:  1    Str: 11    XL:     8   Next: 8%
Magic:  8/8        EV: 14    Int: 12    God:    Gozag
Gold:   154        SH:  0    Dex: 16    Spells: 7/7 levels left

rFire    . . .     SeeInvis .     - Unarmed
rCold    . . .     Faith    .   (no shield)
rNeg     . . .     Spirit   .   (helmet restricted)
rPois    .         Reflect  .   (no amulet)
rElec    .         Harm     .   (no ring)
rCorr    .         Rampage  .   (no ring)
Will     .....                  (no ring)
Stlth    +++++.....             (no ring)
HPRegen  0.18/turn              (no ring)
MPRegen  0.11/turn              (no ring)
                                (no ring)
                                (no ring)

@: about to teleport, gold aura
A: almost no armour, amphibious, 8 rings, camouflage 1, gelatinous body 1,
(nimble swimmer 1), tentacles
a: Renounce Religion, Potion Petition, Call Merchant, Bribe Branch


You were on level 5 of the Dungeon.
You worshipped Gozag.
Gozag was aware of your devotion.
You visited 2 branches of the dungeon, and saw 6 of its levels.
You also visited: Sewer.

You collected 230 gold pieces.
You paid 76 gold pieces to Gozag.

Inventory:

Missiles
 m - a throwing net (quivered)
Jewellery
 c - a +4 ring of protection
Wands
 e - a wand of digging (3)
 l - a wand of mindburst (11)
Scrolls
 a - 5 scrolls of fog
 b - a scroll of noise {unknown}
 f - 2 scrolls of identify
 g - 2 scrolls of teleportation
 i - a scroll of enchant weapon
 k - 2 scrolls of amnesia {unknown}
Potions
 d - 3 potions of flight
 j - 2 potions of curing


   Skills:
 * Level 5.3 Fighting
 * Level 4.0 Dodging
 - Level 8.2 Stealth
 * Level 5.9 Unarmed Combat
 + Level 1.3 Evocations


You had 7 spell levels left.
You didn't know any spells.
Your spell library was empty.

Dungeon Overview and Level Annotations

Branches:
Dungeon (5/15)             Temple (1/1) D:4           Sewer (visited)

Altars:
Cheibriados
Elyvilon
Gozag
Makhleb
Nemelex Xobeh
Okawaru
Qazlal
Ru
Sif Muna
Trog
Uskayaw
Wu Jian
Xom
Zin
The Shining One

Annotations:
D:5 Sigmund


Innate Abilities, Weirdness & Mutations

You cannot wear most types of armour.
You are amphibious.
You can wear up to eight rings at the same time.
Your skin changes colour to match your surroundings (Stealth+).
Your rubbery body absorbs attacks. (AC +1, EV +1)
((You are camouflaged near water. (Stealth+)))
You have tentacles for arms and can constrict up to eight enemies at once.


Message History

The water moccasin skeleton bites you! Sigmund casts a spell at you.
You resist with some effort.
The water moccasin skeleton closely misses you.
Sigmund gestures wildly while chanting.
Sigmund flickers and vanishes!
Deactivating autopickup; reactivate with Ctrl-A.
You see here 6 gold pieces.
Unknown command.
You tentacle-slap the water moccasin skeleton.
You grab the water moccasin skeleton.
The water moccasin skeleton is heavily damaged.
You constrict the water moccasin skeleton.
The water moccasin skeleton bites you.
You hear a shout!
You bludgeon the water moccasin skeleton!
You tentacle-slap the water moccasin skeleton, but do no damage.
The water moccasin skeleton is severely damaged.
You constrict the water moccasin skeleton.
The water moccasin skeleton barely misses you.
Something hits you.
You bludgeon the water moccasin skeleton!
You destroy the water moccasin skeleton!
The iguana is distracted by your dazzling golden aura.
Something hits you!
Your Dodging skill increases to level 4!
Unknown command.
Something hits you!
* * * LOW HITPOINT WARNING * * *
You see here 6 gold pieces.
Unknown command.
You bludgeon something!
Your tentacle-slap misses something.
Your squeeze misses something. Something hits you!
* * * LOW HITPOINT WARNING * * *
Okay, then.
Okay, then.
As you read the scroll of teleportation, it crumbles to dust.
You feel strangely unstable. Something hits you!
You die...
Your body crumbles into a pile of gold.

**,,,,,** **,,,,,,*
**,,,,,,,** *,,,,,,,**
*,,,,,,,,,* *,,,,,,,,*
*,,,,,,,,,#########,,,,,,,,**
*,,,,,..,,#.......#*,,.,,*,,**
*,,,,,...,#.......###...***,,*
*,,,,,....#.............,,,,,,
**,,,,....l...........#*******
*,,,,$,,,,#.{@$...##..###
*,,,,,,,,,#.$...........######
*,,,,,,,,,#...................
*,,,,,,,,,#.......#..#...##..<
*,,,,,,,,,#.?.........##.*####
**,,,,,,,*########.##)....####
**,,,,,** #.#***##.h...
******* ###.### #.#*#.
##.....## #..##.


You could see an iguana.

Vanquished Creatures
  Menkaure (D:5)
  An orc warrior (D:4)
  A sky beast (D:3)
  A kobold brigand (Sewer)
  2 scorpions
  Blork the orc (D:4)
  A water moccasin skeleton (D:5)
  A centaur zombie (D:3)
  2 orc priests
  An iguana (D:5)
  6 adders
  An ufetubus (D:5)
  2 worms (D:5)
  A dart slug (D:4)
  11 orcs
  8 bats
  5 endoplasms
  3 giant cockroaches
  7 goblins
  8 hobgoblins
  3 jackals
  8 quokkas
  11 ball pythons
  11 kobolds
  10 rats
107 creatures vanquished.

Vanquished Creatures (others)
  A plant (D:1)
1 creature vanquished.

Grand Total: 108 creatures vanquished

Notes
Turn   | Place    | Note
-------+----------+-------------------------------------------
     0 | D:5      | dickylongcocking the Octopode Delver began the quest for
                  | the Orb.
     0 | D:5      | Reached XP level 1. HP: 16/16 MP: 1/1
    46 | D:4      | Noticed an orc warrior
    50 | D:4      | Noticed an orc priest
    53 | D:5      | Noticed Menkaure
    84 | D:5      | Killed Menkaure
    85 | D:5      | Reached skill level 8 in Stealth
    85 | D:5      | Reached XP level 2. HP: 10/21 MP: 2/2
    85 | D:5      | Reached XP level 3. HP: 13/26 MP: 3/3
    85 | D:5      | Reached XP level 4. HP: 15/31 MP: 4/4
    85 | D:5      | Reached XP level 5. HP: 18/36 MP: 5/5
    94 | D:5      | Found a glowing drain.
   114 | Sewer    | Entered a sewer
   384 | Sewer    | Noticed a kobold brigand
   401 | Sewer    | Killed a kobold brigand
   778 | Sewer    | Found a white marble altar of Elyvilon.
   833 | D:5      | Noticed a black bear
   845 | D:5      | Reached XP level 6. HP: 8/43 MP: 6/6
  2522 | D:1      | Reached skill level 5 in Unarmed Combat
  3859 | D:3      | Reached XP level 7. HP: 49/49 MP: 7/7
  3876 | D:3      | Found a faded altar of an unknown god.
  3979 | D:3      | Found an iron altar of Okawaru.
  5023 | D:3      | HP: 2/49 [sky beast (6)]
  5631 | D:4      | Reached skill level 5 in Fighting
  5787 | D:4      | Noticed Blork the orc
  5806 | D:4      | Killed Blork the orc
  5807 | D:4      | Reached skill level 1 in Evocations
  5962 | D:4      | Found a staircase to the Ecumenical Temple.
  6287 | Temple   | Entered the Ecumenical Temple
  6331 | Temple   | Became a worshipper of Gozag Ym Sagoz the Greedy
  6483 | D:5      | Reached XP level 8. HP: 47/55 MP: 8/8
  6584 | D:5      | Noticed Sigmund
  6597 | D:5      | Slain by Sigmund

Illustrated notes

Levels and vault maps discovered:
D:1:      dpeg_arrival_pits, layout_loops_corners, serial_forest,
          infiniplex_forest_clump_medium, infiniplex_forest_end_3,
          infiniplex_forest_lined_ring, infiniplex_forest_join,
          infiniplex_forest_diagonal, infiniplex_forest_end_1
D:2:      layout_loops_ring
D:3:      layout_basic, nicolae_overflow_crystal_walls, basic_ecumenical_altar,
          nrook_mini_vaults, minmay_fractal_squares_gapless_5
D:4:      layout_cave_pods, minmay_temple_entry_enclosed_plants,
          uniq_blork_the_orc
D:5:      layout_rooms, cheibrodos_sewer_entry_drain, uniq_sigmund,
          uniq_menkaure, uniq_crazy_yiuf_cottage
Temple:   eino_wide_crystal_templ

Skill      XL: |  1  2  3  4  5  6  7  8 |
---------------+-------------------------+-----
Stealth        | 8 |  8.2
Unarmed Combat | 3 4 5 |  5.9
Fighting       | 4 5 |  5.3
Dodging        | 3 4 |  4.0
Evocations     | 1 |  1.3

Action                   |  1- 3 |  4- 6 |  7- 9 || total
-------------------------+-------+-------+-------++-------
Melee: Unarmed           |     8 |   152 |    86 ||   246
       Tentacles         |     3 |    20 |    15 ||    38
       Constrict         |     2 |    36 |    24 ||    62
       Punch             |       |     4 |     3 ||     7
Evoke: Wand              |       |       |     7 ||     7
  Use: Potion            |     2 |     3 |     3 ||     8
       Scroll            |     1 |     4 |     2 ||     7
 Stab: Sleeping          |     1 |    26 |     9 ||    36
       Distracted        |       |     1 |       ||     1
Armor: Skin              |       |    10 |     3 ||    13
Dodge: Dodged            |     2 |    87 |    79 ||   168

Table legend: (Time is in decaauts)
 A = Elapsed time spent in this place.
 B = Non-inter-level travel time spent in this place.
 C = Inter-level travel time spent in this place.
 D = Time resting spent in this place.
 E = Time spent auto-exploring this place.
 F = Levels seen in this place.
 G = Mean time per level.
                   A        B        C        D        E       F      G
               +--------+--------+--------+--------+--------+-----+--------+
         Total |   6545 |   6297 |    248 |   1365 |   4092 |   7 |  935.0 |
       Dungeon |   5783 |   5560 |    223 |    879 |   3930 |   5 | 1156.6 |
        Temple |     69 |     45 |     24 |      0 |     32 |   1 |   69.0 |
         Sewer |    691 |    691 |      0 |    486 |    130 |   1 |  691.0 |
               +--------+--------+--------+--------+--------+-----+--------+

Top non-repeatable levels by time:
     D:3: 2050 daAuts
     D:4: 1389 daAuts
     D:1: 1087 daAuts
     D:2: 983 daAuts
   Sewer: 691 daAuts
     D:5: 271 daAuts
  Temple: 69 daAuts
